 Dungeon Crawl Stone Soup version 0.26-a0-542-gbaa144ba5c (webtiles) character file.

Game seed: 9918647751019462225

2224 MrRokkomies the Ducker (level 9, -5/52 HPs)
             Began as a Tengu Venom Mage on Aug 18, 2020.
             Was an Initiate of Sif Muna.
             Killed from afar by a white imp (11 damage)
             ... with a puff of frost
             ... on level 8 of the Dungeon.
             The game lasted 00:15:43 (7201 turns).

MrRokkomies the Ducker (Tengu Venom Mage)           Turns: 7201, Time: 00:15:44

Health: -5/52      AC:  3    Str:  9    XL:     9   Next: 35%
Magic:  17/17      EV: 20    Int: 18    God:    Sif Muna [......]
Gold:   309        SH:  0    Dex: 15    Spells: 4/17 levels left

rFire    + . .     SeeInvis .   a - +5 spear (freeze)
rCold    . . .     Faith    .   (no shield)
rNeg     . . .     Spirit   .   p - +1 robe {rF+}
rPois    .         Reflect  .   (helmet restricted)
rElec    .         Harm     .   (no cloak)
rCorr    .                      (no gloves)
MR       .....                  (boots unavailable)
Stlth    ++........             (no amulet)
HPRegen  0.17/turn              (no ring)
MPRegen  0.15/turn              (no ring)

@: flying quickly and evasively, quick
A: beak, talons 3, able to fly
a: Stop Flying, Renounce Religion


You were on level 8 of the Dungeon.
You worshipped Sif Muna.
Sif Muna was noncommittal.
You visited 2 branches of the dungeon, and saw 9 of its levels.

You collected 309 gold pieces.

Inventory:

Hand Weapons
 a - a +5 spear of freezing (weapon)
 b - a +1 antimagic dagger
 c - a +0 glaive
 s - a +2 dire flail of holy wrath
Missiles
 l - 3 javelins (quivered)
 r - a throwing net
Armour
 p - a +1 robe of fire resistance (worn)
Wands
 j - a wand of polymorph (7)
 t - a wand of random effects (27)
 x - a wand of digging (6)
Scrolls
 e - a scroll of fog
 i - a scroll of remove curse
 n - a scroll of enchant armour
 q - a scroll of amnesia
Potions
 d - a potion of stabbing
 f - a potion of lignification
 g - 3 potions of curing
 h - a potion of invisibility {unknown}
 k - a potion of haste {unknown}
 m - a potion of magic
 o - 2 potions of brilliance {unknown}
 u - a potion of mutation {unknown}


   Skills:
 + Level 4.6 Fighting
 * Level 7.7 Dodging
 - Level 2.0 Stealth
 + Level 4.7 Spellcasting
 - Level 0.7 Transmutations
 * Level 7.5 Poison Magic
 + Level 2.1 Invocations


You had 4 spell levels left.
You knew the following spells:

 Your Spells              Type           Power        Failure   Level
a - Sting                 Tmut/Pois      ###.         2%          1
b - Poisonous Vapours     Pois/Air       ###...       4%          2
c - Mephitic Cloud        Conj/Pois/Air  ##......     14%         3
d - Ignite Poison         Fire/Tmut/Pois ##......     13%         3
e - Olgreb's Toxic Radia  Pois           ####....     6%          4

Your spell library contained the following spells:

 Spells                   Type           Power        Failure   Level


Dungeon Overview and Level Annotations

Branches:
Dungeon (7/15)             Temple (1/1) D:5

Altars:
Ashenzari
Dithmenos
Fedhas
Gozag
Hepliaklqana
Kikubaaqudgha
Makhleb
Nemelex Xobeh
Okawaru
Qazlal
Sif Muna
Trog
Uskayaw
Vehumet
Wu Jian
Xom
Yredelemnul
Zin
The Shining One

Shops:
D:2 *


Innate Abilities, Weirdness & Mutations

You have a beak for a mouth.
You have claws for feet.
You can fly continuously.


Message History

A gnoll comes into view. It is wielding a +0 halberd.
The white imp misses you.
The gnoll sergeant hits you with a +0 trident.
You see here a +0 spear.
The gnoll shouts!
You hit the gnoll sergeant but do no damage.
Your peck misses the gnoll sergeant.
The gnoll sergeant is almost dead.
You hear an angry hiss. x2
The water moccasin zombie barely misses you.
The white imp misses you.
The gnoll sergeant hits you with a +0 trident!
* * * LOW HITPOINT WARNING * * *
The water moccasin zombie closely misses you.
Okay, then.
Unknown command.
It was a potion of magic.
Magic courses through your body. The white imp gestures at you.
The puff of frost hits you!
You die...

#.......
#####......
..........#
.....$[...#
........(.#
..?....(..#
..?)...Z..#
......5Z###
#...###@#
P.. #g# P.
#.# P #.#
.)# .g# ..#
..##


You could see a gnoll sergeant, a gnoll, a white imp, a water moccasin zombie
and a howler monkey skeleton.

Vanquished Creatures
  A hippogriff (D:7)
  Sigmund (D:4)
  Menkaure (D:4)
  Edmund (D:4)
  An ice beast (D:7)
  A sky beast (D:7)
  An eye of draining (D:3)
  4 ogres
  A necrophage (D:6)
  2 centaurs
  A bullfrog (D:6)
  Blork the orc (D:6)
  A scorpion (D:4)
  2 wights (D:3)
  A crimson imp (D:4)
  An orc priest (D:7)
  A hound (D:7)
  2 orc wizards
  An iguana (D:6)
  3 worker ants (D:4)
  2 hound zombies
  Robin (D:4)
  2 gnolls (D:8)
  7 adders
  A shadow imp (D:7)
  A white imp (D:5)
  3 worms (D:3)
  2 dart slugs
  6 leopard geckos
  21 orcs
  4 bats
  3 giant cockroaches
  16 goblins
  12 hobgoblins
  3 jackals (D:1)
  5 kobolds
  5 quokkas
  3 ball pythons
  5 frilled lizards
  A jackal skeleton (D:6)
  A leopard gecko skeleton (D:4)
  5 rats (D:1)
137 creatures vanquished.

Notes
Turn   | Place    | Note
-------+----------+-------------------------------------------
     0 | D:1      | MrRokkomies the Tengu Venom Mage began the quest for the
                  | Orb.
     0 | D:1      | Reached XP level 1. HP: 10/10 MP: 4/4
   127 | D:1      | Reached XP level 2. HP: 15/15 MP: 4/6
   157 | D:1      | Learned a level 2 spell: Poisonous Vapours
   695 | D:1      | Reached XP level 3. HP: 13/20 MP: 1/7
   873 | D:1      | Reached skill level 1 in Fighting
  1104 | D:2      | Found a glowing silver altar of Zin.
  1106 | D:2      | Found Zin's Purification Station.
  2266 | D:3      | Reached XP level 4. HP: 15/25 MP: 3/8
  2649 | D:3      | Gained mutation: You can fly continuously. [Tengu growth]
  2649 | D:3      | Reached XP level 5. HP: 3/30 MP: 7/9
  2659 | D:3      | Found a bloodstained altar of Trog.
  2659 | D:3      | Noticed an eye of draining
  2913 | D:2      | Learned a level 3 spell: Mephitic Cloud
  2917 | D:2      | Learned a level 3 spell: Ignite Poison
  3050 | D:3      | Killed an eye of draining
  3050 | D:3      | Reached XP level 6. HP: 31/35 MP: 0/11
  3200 | D:4      | Noticed Menkaure
  3204 | D:4      | Killed Menkaure
  3320 | D:4      | Reached skill level 5 in Poison Magic
  3320 | D:4      | Reached XP level 7. HP: 40/40 MP: 12/12
  3357 | D:4      | Reached skill level 5 in Dodging
  3479 | D:4      | Noticed Sigmund
  3668 | D:4      | Killed Sigmund
  3819 | D:4      | Reached XP level 8. HP: 41/46 MP: 14/14
  3948 | D:4      | Noticed Edmund
  3960 | D:4      | Killed Edmund
  4331 | D:4      | Noticed Robin
  4341 | D:4      | Killed Robin
  4569 | D:4      | Found a burning altar of Makhleb.
  4570 | D:4      | Found a shimmering altar of Xom.
  4572 | D:4      | Paralysed by a crimson imp for 4 turns
  4879 | D:5      | Entered Level 5 of the Dungeon
  4892 | D:5      | Learned a level 4 spell: Olgreb's Toxic Radiance
  5314 | D:5      | Found a staircase to the Ecumenical Temple.
  5323 | Temple   | Entered the Ecumenical Temple
  5447 | Temple   | Became a worshipper of Sif Muna the Loreminder
  5636 | D:5      | Found a burning altar of Makhleb.
  5636 | D:5      | Noticed a green death
  5639 | D:5      | Noticed a ynoxinul
  5639 | D:5      | Noticed a ynoxinul
  5917 | D:6      | Found a hide-covered altar of Uskayaw.
  5926 | D:6      | Noticed a +0 hand axe
  5927 | D:6      | Noticed a +0 hand axe
  5974 | D:6      | Found an ornate altar of the Wu Jian Council.
  6075 | D:6      | Reached skill level 1 in Invocations
  6215 | D:6      | Found a shadowy altar of Dithmenos.
  6226 | D:6      | Noticed Blork the orc
  6234 | D:6      | Killed Blork the orc
  6536 | D:7      | Reached XP level 9. HP: 52/52 MP: 16/16
  7190 | D:7      | You are sucked into a shaft and drop 1 floor!
  7201 | D:8      | Killed from afar by a white imp

Illustrated notes

Levels and vault maps discovered:
D:1:      lemuel_arrival_behind_the_door_large, layout_basic
D:2:      layout_loops_cross, zin_purify
D:3:      layout_basic, trog_eyes_of_draining
D:4:      layout_loops_ring, grunt_temple_overflow_champion_of_chaos,
          minmay_fractal_squares_diagonal_5, uniq_edmund, uniq_menkaure,
          uniq_robin, uniq_sigmund
D:5:      layout_loops_ring, lemuel_temple_firewalk_b, makhleb_altar_promises_db
D:6:      layout_cave_pools, old_standard_altar, dancing_weapons_uskayaw,
          lemuel_doored_altar, uniq_blork_the_orc
D:7:      layout_basic
D:8:      layout_basic, grunt_temple_overflow_open, david_lair_shrubbed,
          serial_shops, shop, worms_lemuel
Temple:   minmay_temple_bridge_abc

Skill      XL: |  1  2  3  4  5  6  7  8  9 |
---------------+----------------------------+-----
Fighting       | 1 2 3 4 |  4.6
Dodging        | 3 4 5 7 |  7.7
Poison Magic   | 4 5 7 |  7.5
Spellcasting   | 3 4 |  4.7
Invocations    | 1 2 |  2.1
Stealth        | |  2.0
Transmutations | |  0.7

Action                   |  1- 3 |  4- 6 |  7- 9 || total
-------------------------+-------+-------+-------++-------
Melee: Unarmed           |    17 |       |       ||    17
       Kick              |    10 |    12 |    33 ||    55
       Peck              |     6 |     7 |    21 ||    34
       Dagger            |    39 |    19 |       ||    58
       Spear             |       |    34 |   193 ||   227
 Cast: Sting             |    41 |    13 |    22 ||    76
       Poisonous Vapours |     2 |       |    14 ||    16
       Ignite Poison     |       |     1 |     1 ||     2
       Mephitic Cloud    |       |     1 |       ||     1
       Olgreb's Toxic Ra |       |       |     3 ||     3
 Abil: Fly               |       |     1 |       ||     1
  Use: Scroll            |     2 |     1 |    13 ||    16
       Potion            |       |     1 |     4 ||     5
 Stab: Sleeping          |       |       |     9 ||     9
Armor: Robe              |    11 |     3 |    23 ||    37
Dodge: Dodged            |    53 |    25 |   183 ||   261

Table legend: (Time is in decaauts)
 A = Elapsed time spent in this place.
 B = Non-inter-level travel time spent in this place.
 C = Inter-level travel time spent in this place.
 D = Time resting spent in this place.
 E = Time spent auto-exploring this place.
 F = Levels seen in this place.
 G = Mean time per level.
                   A        B        C        D        E       F      G
               +--------+--------+--------+--------+--------+-----+--------+
         Total |   6984 |   6746 |    238 |    831 |   4906 |   9 |  776.0 |
       Dungeon |   6852 |   6647 |    205 |    831 |   4809 |   8 |  856.5 |
        Temple |    131 |     98 |     33 |      0 |     96 |   1 |  131.0 |
               +--------+--------+--------+--------+--------+-----+--------+

Top non-repeatable levels by time:
     D:4: 1511 daAuts
     D:3: 1426 daAuts
     D:1: 1061 daAuts
     D:2: 794 daAuts
     D:5: 792 daAuts
     D:7: 650 daAuts
     D:6: 604 daAuts
  Temple: 131 daAuts
     D:8: 10 daAuts
